 Dungeon Crawl Stone Soup version 0.21.0-3-g78d12a8bdd (webtiles) character file.

102 NullDivider the Charlatan (level 4, 0/28 HPs)
             Began as an Octopode Artificer on Jan 9, 2018.
             Killed from afar by Natasha (9 damage)
             ... with a magic dart
             ... on level 2 of the Dungeon.
             The game lasted 00:06:19 (2432 turns).

NullDivider the Charlatan (Octopode Artificer)      Turns: 2432, Time: 00:06:20

Health: 0/28       AC:  1    Str: 11    XL:     4   Next: 78%
Magic:  7/7        EV: 14    Int: 13    God:
Gold:   74         SH:  0    Dex: 13    Spells: 3/3 levels left

rFire    . . .     SeeInvis .   a - +0 short sword
rCold    . . .     Gourm    .   (no shield)
rNeg     . . .     Faith    .   (helmet restricted)
rPois    .         Spirit   .   (no amulet)
rElec    .         Reflect  .   (no ring)
rCorr    .         Harm     .   (no ring)
MR       .....                  (no ring)
Stlth    +++.......             (no ring)
HPRegen  0.09/turn              (no ring)
MPRegen  0.10/turn              (no ring)
                                (no ring)
                                (no ring)

@: slowed, very slow
A: almost no armour, stealthy swim, amphibious, 8 rings, constrict 8, camouflage
1, gelatinous body 1
a: no special abilities


You were on level 2 of the Dungeon.
You were not hungry.

You visited 1 branch of the dungeon, and saw 2 of its levels.

You collected 74 gold pieces.

Inventory:

Hand Weapons
 a - a +0 short sword (weapon)
Wands
 b - a wand of flame (15)
 c - a wand of enslavement (15)
 d - a wand of random effects (15)
Scrolls
 e - a scroll of fear {unknown}
 g - 3 scrolls of remove curse {unknown}
 j - 3 scrolls of identify {unknown}
 k - a scroll of fog {unknown}
Potions
 i - a potion of flight {unknown}
Comestibles
 f - a ration
 l - a chunk of flesh


   Skills:
 + Level 1.2 Fighting
 + Level 1.6 Short Blades
 * Level 2.8 Dodging
 * Level 3.6 Stealth
 + Level 4.3 Evocations


You had 3 spell levels left.
You didn't know any spells.

Dungeon Overview and Level Annotations

Branches:
Dungeon (2/15)

Altars:

Annotations:
D:2 Natasha


Innate Abilities, Weirdness & Mutations

You cannot wear most types of armour.
You are very stealthy in the water. (Stealth+)
You are amphibious.
You can wear up to eight rings at the same time.
You can use your tentacles to constrict eight enemies at once.
Your skin changes colour to match your surroundings (Stealth+).
Your rubbery body absorbs attacks. (AC +1, EV +1)


Message History

Natasha casts a spell at you.
You feel as though you will be slow longer.
Natasha stares at you and mumbles some strange words.
The magic dart hits you!
You barely miss Natasha. Your grab misses Natasha. Your squeeze misses Natasha.
Natasha completely misses you. Natasha claws you!
You hit Natasha but do no damage. Your grab misses Natasha.
Natasha mumbles some strange words.
You barely miss Natasha. Your grab misses Natasha. Natasha claws you!
* * * LOW HITPOINT WARNING * * *
The crimson imp misses you. Natasha claws you.
* * * LOW HITPOINT WARNING * * *
Some of the chunks of flesh in your inventory have rotted away.
It was a potion of curing.
You feel better. The crimson imp barely misses you. Natasha misses you.
The crimson imp puffs mist at you. The crimson imp misses you.
Natasha stares at you and mumbles some strange words.
The magic dart hits you!
You die...

#####..#####.#
#..........#.#
#.#......#.#.#
...#..#..#.#.# #.
#..#..#.#.# .. #..####.#.#
. #.......#.#
###.###5....##.#
.......h@...##.#
###.####....##.#
####+##########.#
........# #.# ........#
#.# ........# #.########
........# #......).#.#
........##############.#.#
........'..........# #.#.#


You could see Natasha and a crimson imp.

Vanquished Creatures
  Natasha (D:2)
  3 adders (D:2)
  A worm (D:2)
  A dart slug (D:2)
  5 bats
  4 giant cockroaches
  3 goblins
  3 hobgoblins
  3 jackals (D:1)
  A quokka (D:2)
  7 frilled lizards
  8 kobolds
  6 rats
46 creatures vanquished.

Notes
Turn   | Place    | Note
-------+----------+-------------------------------------------
     0 | D:1      | NullDivider the Octopode Artificer began the quest for the Orb.
     0 | D:1      | Reached XP level 1. HP: 13/13 MP: 3/3
   277 | D:1      | Reached XP level 2. HP: 13/18 MP: 4/4
   960 | D:1      | Reached skill level 4 in Evocations
  1148 | D:1      | Reached XP level 3. HP: 15/23 MP: 6/6
  2166 | D:2      | Noticed Natasha
  2170 | D:2      | Reached XP level 4. HP: 28/28 MP: 7/7
  2173 | D:2      | Killed Natasha
  2423 | D:2      | Noticed Natasha
  2430 | D:2      | HP: 1/28 [Natasha (2)]
  2432 | D:2      | Killed from afar by Natasha

Skill      XL: |  1  2  3  4 |
---------------+-------------+-----
Evocations     | 4 |  4.3
Stealth        | 2 3 |  3.6
Fighting       | |  1.2
Short Blades   | |  1.6
Dodging        | |  2.8

Action                   |  1- 3 |  4- 6 || total
-------------------------+-------+-------++-------
Melee: Short sword       |    70 |    18 ||    88
       Constrict         |    22 |     5 ||    27
       Tentacles         |    14 |     7 ||    21
  Use: Potion            |       |     1 ||     1
 Stab: Sleeping          |    11 |     1 ||    12
  Eat: Chunk             |     3 |     2 ||     5
Armor: Skin              |     7 |     1 ||     8
Dodge: Dodged            |    31 |    12 ||    43
